Map: Beckett Industries LE

Players

Serral - Winner!

  • Race: Zerg Zerg

Clem

  • Race: Terran Terran

Event: DreamHack SC2 Masters 2021 Fall

VOD

Have the link to the VOD?

Description

Time

  • Played on: Aug. 15, 2021, 1:02 p.m.
  • Length: 6:14

All games in this series

Show
View Real Time Build Order
Export as new Build Order

Serral Zerg - Winner!

Build Orders: Pool First 

Get SALT Encoding   

  12  0:00  Drone  
  13  0:12  Overlord  
  13  0:17  Drone  
  14  0:30  Drone x2  
  14  0:33  Drone  
  17  0:44  Spawning Pool  
  17  0:48  Drone  
  17  1:07  Hatchery  
  17  1:11  Drone  
  17  1:13  Extractor  
  17  1:16  Drone  
  17  1:19  Drone  
  18  1:30  Queen  
  18  1:32  Zergling x2  
  21  1:39  Overlord  
  21  1:49  Drone  
  22  2:01  Drone  
  22  2:06  Queen  
  25  2:10  Drone  
  25  2:13  Metabolic Boost  
  26  2:19  Queen, Drone  
  29  2:23  Drone  
  30  2:30  Drone  
  30  2:31  Drone  
  32  2:38  Drone  
  32  2:39  Drone x2  
  32  2:41  Drone  
  36  2:45  Overlord  
  36  2:58  Hatchery  
  36  3:00  Drone  
  36  3:04  Overlord  
  36  3:06  Drone  
  36  3:09  Drone  
  38  3:14  Drone x3  
  38  3:16  Drone  
  42  3:21  Queen  
  42  3:24  Drone  
  42  3:25  Drone  
  46  3:30  Roach Warren  
  46  3:32  Extractor  
  44  3:35  Drone x2  
  44  3:37  Drone  
  46  3:42  Overlord  
  46  3:46  Zergling x2  
  46  3:47  Drone  
  46  3:48  Drone x2  
  50  3:50  Overlord  
  50  3:55  Overlord  
  50  3:59  Drone  
  51  4:05  Overlord  
  51  4:09  Overlord  
  51  4:10  Roach x3  
  51  4:14  Roach  
  59  4:18  Extractor  
  59  4:20  Roach x3  
  59  4:22  Roach  
  66  4:26  Zergling x4  
  66  4:29  Zergling x2  
  69  4:35  Zergling x4  
  69  4:36  Zergling x2  
  74  4:42  Zergling x6  
  77  4:51  Overlord  
  77  4:53  Ravager x3  
  77  4:54  Zergling x10  
  77  4:56  Ravager  
  86  5:02  Zergling x8  
  88  5:10  Overlord  
  88  5:13  Zergling x6  
  84  5:30  Ravager x3  
  85  5:35  Zergling x2  
  85  5:36  Zergling x14  
  85  5:40  Zergling x6  
  90  5:47  Zergling x4  
  90  5:53  Zergling x14  
Show
View Real Time Build Order
Export as new Build Order

Clem Terran 

Build Orders:  

Get SALT Encoding   

  12  0:00  SCV  
  13  0:12  SCV  
  14  0:16  Supply Depot  
  14  0:24  SCV  
  15  0:38  SCV  
  15  0:39  Barracks  
  16  0:44  Refinery  
  16  0:50  SCV  
  17  1:02  SCV  
  18  1:14  SCV  
  19  1:27  Barracks Reactor, Orbital Command  
  19  1:40  Command Center  
  19  1:48  Supply Depot  
  19  1:53  SCV  
  20  2:02  Marine  
  20  2:03  Marine  
  22  2:09  Factory  
  22  2:11  SCV  
  23  2:20  Marine x2  
  25  2:23  SCV  
  25  2:26  Refinery  
  26  2:35  SCV  
  27  2:38  Marine x2  
  29  2:47  SCV  
  30  2:52  Widow Mine  
  30  2:54  Bunker, Orbital Command  
  32  3:00  SCV  
  33  3:07  Starport  
  33  3:13  SCV  
  33  3:19  SCV  
  34  3:20  Hellion  
  34  3:23  Hellion  
  34  3:25  Marine  
  39  3:27  SCV  
  39  3:31  SCV  
  39  3:34  Supply Depot  
  41  3:39  SCV  
  42  3:43  Medivac  
  42  3:46  SCV  
  42  3:47  Barracks Tech Lab  
  45  3:52  SCV, Supply Depot  
  48  3:55  Hellion  
  48  3:58  Hellion  
  48  3:59  SCV  
  51  4:04  SCV  
  52  4:11  SCV  
  52  4:15  Supply Depot  
  52  4:16  SCV  
  54  4:18  Hellion  
  54  4:19  Hellion  
  54  4:20  Marine  
  54  4:22  Stimpack  
  54  4:23  SCV  
  60  4:28  SCV  
  61  4:35  SCV  
  61  4:38  Supply Depot  
  62  4:39  Marine, Command Center  
  62  4:44  Starport Reactor  
  63  4:47  SCV  
  63  4:48  SCV  
  63  4:51  Barracks  
  65  4:55  Factory Reactor  
  65  4:57  Marine, Barracks  
  64  5:01  Factory Tech Lab  
  64  5:03  Bunker, SCV  
  65  5:09  Bunker  
  65  5:13  SCV  
  66  5:15  SCV, Marauder  
  66  5:21  Siege Tank  
  68  5:26  SCV  
  50  5:36  Marine  
  50  5:40  SCV  
  50  5:48  Marine  
  50  5:49  SCV  
  42  5:50  Marine  
  42  5:53  SCV  
  42  5:54  Marine  
  42  5:55  Marine  

Tags
 
Add a new tag
Caveats
  • Supply blocks, unpowered buildings, or Contaminate may cause inaccurate times.
  • Supply counts are checked every 10 seconds.